AoeStats
← Reis

Hill Fort

505626988Analyzed
4v4 RM · 24d ago on Sep 10, 2026· 24m 52s· 8 players
Game mode
Random Map
Map size
Large (8 player)
Population
200
Speed
Normal
Resources
Standard
Victory
Conquest
Starting age
Dark Age
Ending age
Imperial Age
RankedLock teamsTeams togetherTeam positionsShared explorationLock speedFull tech treeHidden civsTurbo modeCheats
Victory
Defeat
🇮🇳 Spanish · India
1459
+13
🇨🇭 Bulgarians · Switzerland
1436
+14
🇸🇪 Britons · Sweden
1427
+14
🇨🇿 Magyars · Czechia
1414
+15
🇦🇷 Mongols · Argentina
1446
-17
🇦🇷 Maya · Argentina
1422
-15
🇭🇺 Khmer · Hungary
1343
-12
🇮🇳 Hindustanis · India
1330
-12
Reis
10:41 Feudal Age
17:09 Castle Age
15:41 Double-Bit Axe
15:51 Loom
18:15 Scale Barding Armor
18:20 Forging
18:54 Fletching
21:05 Husbandry
20:26 Light Cavalry
Kaben
10:22 Feudal Age
18:31 Castle Age
16:44 Fletching
19:27 Crossbowman
21:59 Bodkin Arrow
22:58 Ballistics
Topspin
11:04 Feudal Age
15:04 Castle Age
13:05 Horse Collar
13:54 Double-Bit Axe
16:14 Bow Saw
17:40 Padded Archer Armor
17:59 Loom
20:07 Leather Archer Armor
Joseph90
12:01 Feudal Age
12:25 Horse Collar
12:31 Double-Bit Axe
14:21 Loom
15:25 Wheelbarrow
19:08 Castle Age
19:04 Scale Barding Armor
19:36 Gold Mining
20:47 Chain Barding Armor
21:23 Hand Cart
Uporcpine
10:01 Feudal Age
13:20 Castle Age
11:57 Loom
12:30 Double-Bit Axe
19:22 Horse Collar
21:56 Bow Saw
prahappy
10:00 Loom
12:12 Feudal Age
16:07 Castle Age
14:01 Horse Collar
15:11 Double-Bit Axe
17:10 Bow Saw
PocaChota
0:38 Loom
12:43 Feudal Age
16:35 Castle Age
14:44 Double-Bit Axe
15:18 Horse Collar
18:09 Bow Saw
18:56 Heavy Plow
19:07 Fletching
20:02 Bodkin Arrow
22:48 Ballistics
22:36 Padded Archer Armor
NotResignFast
9:41 Feudal Age
13:55 Castle Age
12:47 Double-Bit Axe
12:54 Horse Collar
13:19 Loom
19:59 Fletching
23:09 Padded Archer Armor
Connection lost

Rejoining the realm…

Still unreachable

The connection could not be restored.

Session expired

The server has moved on; the page needs a fresh start.